Cogmind - Beta 17 @@@ ROGUE MODE // 2026.07.30 @ 20:14:55 Player: TheSkyeDoctor Result: Destroyed by S-43 Plague with Heavy Machine Gun Performance ------------- Evolutions (8) 4000 Regions Visited (18) 3600 Robots Destroyed (144) 720 Value Destroyed (7858) 7858 Prototype IDs (57) 1140 Alien Tech Used (2) 400 Bonus (5444) 5444 TOTAL SCORE: 23162 Bonus ------- High Alert Combat Kills 378 Follower Combat Kills 2024 Registered with UFD 300 Met Optimus in HQ 500 Met Data Miner 300 Met Zhirov 300 Built Enhanced Grunts 300 Met R17 at Cetus 500 Met R17 at Research 2000 Friendly Fire -1158 Cogmind --------- Core Integrity 0/1450 Matter 295/300 Energy 81/100 System Corruption 6% Temperature Cool (0) Movement Core (50) Location -2/Research Parts ------- > --- POWER (3) -------- (None) > --- PROPULSION (6) --- (None) > --- UTILITY (10) ----- Advanced Terrain Scan Processor Experimental Core Analyzer Graphene Brace > --- WEAPON (4) ------- (None) > --- INVENTORY (5) ---- Huge Storage Unit Advanced Energy Well (494) High-capacity Matter Pod (200) Remote Datajack Gravity Flail Peak State ------------ > --- POWER ------------ Antimatter Reactor Antimatter Reactor Improved Quantum Reactor > --- PROPULSION ------- Armored Heavy Treads Improved Heavy Siege Treads Centrium Heavy Treads > --- UTILITY ---------- Advanced Heat Sink Huge Storage Unit Advanced Energy Well Quantum Shading Machine 0b10 Decoder Chip [Generic] Experimental Core Analyzer Precision Matter Filter Centrium Medium Armor Plating Advanced Powered Armor Graphene Brace > --- WEAPON ----------- Slug Cannon Slug Cannon Linear Accelerator Hellfire Missile Launcher > --- INVENTORY -------- Particle Reactor Armored Medium Treads Improved Heavy Treads Improved Heavy Treads Armored Heavy Treads Armored Huge Wheel High-capacity Matter Pod Advanced Terrain Scan Processor Helical Railgun Bore Cannon Mass Driver Remote Datajack Gravity Flail Gravity Flail [Rating: 179] Favorites ----------- Power Ion Engine Engine Ion Engine Power Core Neutrino Core Reactor Antimatter Reactor Propulsion Light Treads Treads Light Treads Wheel Armored Huge Wheel Flight Unit Flightbrick Utility 0b10 Decoder Chip [Generic] Device Advanced Heat Sink Storage High-capacity Storage Unit Processor 0b10 Decoder Chip [Generic] Protection Centrium Medium Armor Plating Weapon Subdweller Machine Gun Energy Gun EM Pulse Gun Energy Cannon Heavy Plasma Cannon Ballistic Gun Subdweller Machine Gun Ballistic Cannon Magnetic Acceleration Cannon Launcher Precision Rocket Launcher Special Weapon Remote Datajack Impact Weapon Powered Hammer Build | -11 -10 -10 -9 -6 -6 -6 -6 -5 -5 -5 -5 -4 -4 -4 -4 -3 -3 -2 ------- Run | Yrd Mat Sub Scr Fac Low Low Dat Pro Fac Ext Cet Fac Upp Upp Zhi Pro Res Res Slots Evolved 16 | . . . . 8 . . . . 2 . . 2 . . . . 2 2 Power 2 | . . . . 1 . . . . . . . . . . . . . 1 Propulsion 4 | . . . . 2 . . . . 2 . . . . . . . . . Utility 8 | . . . . 3 . . . . . . . 2 . . . . 2 1 Weapon 2 | . . . . 2 . . . . . . . . . . . . . . Parts Attached 125 | 7 . 1 5 11 1 . . 5 5 24 5 6 . 1 2 8 21 23 Power 18 | 1 . . . 3 . . . . 2 4 . . . 1 . 1 3 3 Engine 4 | 1 . . . 1 . . . . 1 . . . . . . . . 1 Core 7 | . . . . 2 . . . . 1 4 . . . . . . . . Reactor 7 | . . . . . . . . . . . . . . 1 . 1 3 2 Propulsion 30 | 2 . . 2 1 . . . 1 . 8 1 1 . . . 1 6 7 Treads 26 | 2 . . 2 1 . . . . . 8 1 1 . . . 1 6 4 Leg . | . . . . . . . . . . . . . . . . . . . Wheel 1 | . . . . . . . . . . . . . . . . . . 1 Hover . | . . . . . . . . . . . . . . . . . . . Flight 3 | . . . . . . . . 1 . . . . . . . . . 2 Utility 43 | 2 . . 2 4 . . . 3 2 5 2 2 . . 2 3 6 10 Device 21 | 1 . . . 3 . . . 1 . 2 . 2 . . 1 2 3 6 Storage 7 | 1 . . 2 . . . . 1 1 . . . . . 1 . 1 . Processor 7 | . . . . 1 . . . 1 . . . . . . . 1 . 4 Hackware . | . . . . . . . . . . . . . . . . . . . Protection 8 | . . . . . . . . . 1 3 2 . . . . . 2 . Artifact . | . . . . . . . . . . . . . . . . . . . Weapon 34 | 2 . 1 1 3 1 . . 1 1 7 2 3 . . . 3 6 3 Energy Gun 4 | 2 . . . . . . . . . 1 . . . . . . . 1 Energy Cannon 6 | . . . . 2 . . . . . . . . . . . 2 1 1 Ballistic Gun 8 | . . 1 . . . . . 1 1 3 . 1 . . . . . 1 Ballistic Cannon 10 | . . . 1 . . . . . . 2 2 1 . . . . 4 . Launcher 2 | . . . . . 1 . . . . . . . . . . . 1 . Special Weapon 1 | . . . . . . . . . . 1 . . . . . . . . Impact Weapon 3 | . . . . 1 . . . . . . . 1 . . . 1 . . Slashing Weapon . | . . . . . . . . . . . . . . . . . . . Piercing Weapon . | . . . . . . . . . . . . . . . . . . . Special Melee Weapon . | . . . . . . . . . . . . . . . . . . . Unidentified Prototypes 16 | . . . . 1 1 . . . 1 . . 2 . . 3 1 4 3 Corrupted Parts 1 | . . . 1 . . . . . . . . . . . . . . . System Corruption 2 | . . . 2 . . . . . . . . . . . . . . . Parts Lost 91 | . . . . 3 2 2 . 4 5 14 2 . 1 . . 7 13 38 Power 14 | . . . . 1 . . . 2 1 2 . . . . . 1 1 6 Propulsion 22 | . . . . 1 1 2 . . . 3 . . . . . 2 2 11 Utility 26 | . . . . . . . . . 3 3 1 . . . . 2 5 12 Weapon 29 | . . . . 1 1 . . 2 1 6 1 . 1 . . 2 5 9 Highest Loss Streak 12 | . . . . 3 1 2 . 2 2 8 1 . 1 . . 3 4 12 To Critical Strikes 3 | . . . . . . . . . . 2 1 . . . . . . . Average Backups 11 | 1 3 5 5 9 9 10 10 7 11 12 18 19 19 19 19 18 18 11 Power . | . 1 . . 1 . . . . . 1 2 2 2 2 2 1 1 . Propulsion 1 | . 1 1 1 1 1 1 1 1 1 1 2 3 4 4 2 1 2 3 Utility 4 | . 1 3 3 5 6 7 7 5 6 5 6 5 5 5 4 5 5 2 Weapon 3 | . . . . 1 . 1 1 . 2 3 7 7 7 7 8 7 6 4 Tool/Special . | . . . . . . . . . . . . . . . . . . . Unused Backups 10 | . . 3 . 3 . . . . . . . 1 . . 1 . 1 1 Power 2 | . . 1 . . . . . . . . . . . . . . 1 . Propulsion 2 | . . 1 . 1 . . . . . . . . . . . . . . Utility 4 | . . 1 . 2 . . . . . . . . . . . . . 1 Weapon 2 | . . . . . . . . . . . . 1 . . 1 . . . Tool/Special . | . . . . . . . . . . . . . . . . . . . Average Slot Usage (%) 89 | . 100 100 100 91 91 81 73 73 61 78 96 93 94 94 79 92 85 77 Engine 5 | . 14 14 14 4 6 6 6 4 3 . . . . . . . . . Core 3 | . . . . 6 6 6 6 4 . 9 11 10 10 7 5 3 . . Reactor 2 | . . . . . . . . . . . . . . 2 5 6 9 9 Treads 21 | . 28 28 28 25 25 14 6 2 . 14 32 26 26 26 26 24 15 12 Device 14 | . 14 14 14 12 13 13 13 18 13 7 5 13 15 15 14 15 19 16 Storage 8 | . 14 14 14 6 6 6 6 5 10 5 5 5 5 5 5 5 6 7 Processor 4 | . . . . 5 6 6 6 9 10 7 5 5 5 5 5 4 4 8 Protection 4 | . . . . . . . . . . 6 10 10 10 10 10 10 9 5 Energy Gun 3 | . 28 25 . 4 2 . . . 1 5 . . . . . . . . Energy Cannon 1 | . . . . 5 6 6 6 2 . . . . . . . 5 3 1 Ballistic Gun 5 | . . 2 14 1 . . . 2 12 7 7 9 9 5 . 4 . . Ballistic Cannon 7 | . . . 13 5 6 6 6 5 . 3 9 7 5 10 1 4 12 9 Launcher 1 | . . . . . 3 6 6 5 2 . . . . . . . . 2 Impact Weapon 1 | . . . . 5 6 6 6 5 . . . 2 5 5 5 5 . . Peak Build Rating 179 | 7 7 12 17 60 62 62 58 94 92 103 90 116 119 121 121 125 174 179 Average Rating 77 | 5 7 8 13 55 61 60 58 78 85 82 80 113 116 119 104 121 154 156 On Entrance 70 | . 7 7 12 17 60 62 58 58 81 80 65 90 116 119 121 104 122 157 Avg Prop Armor Cover (%) 7 | . . . . . . . . . . . . 3 . . . . 5 14 Naked Turns . | . . . . . . . . . . . . . . . . . . . Heaviest Build 199 | 15 15 17 33 69 73 73 73 75 74 99 102 110 103 110 110 118 192 199 Greatest Support 235 | 40 40 40 40 76 76 56 18 24 24 135 169 176 176 176 176 176 235 235 Greatest Overweight (x) 4 | . . . . . 1 4 4 4 3 4 . . . . . . 1 3 Average Overweight (x) . | . . . . . . 1 4 2 1 1 . . . . . . . . Largest Inventory Capacity 25 | 8 8 8 15 15 15 15 15 15 20 20 20 20 20 20 20 20 25 25 Average Capacity 16 | 7 8 8 11 15 15 15 15 15 18 20 20 20 20 20 20 20 20 24 Most Carried 24 | 3 4 8 15 15 15 15 15 15 16 17 20 20 20 20 20 20 24 20 Average Carried 13 | 1 3 7 9 12 14 15 15 11 13 12 18 19 19 19 19 18 19 14 Final Capacity 25 | 8 8 8 15 15 15 15 15 15 20 20 20 20 20 20 20 20 25 5 Final Carried 21 | 3 4 8 15 15 15 15 15 9 15 15 20 20 19 20 20 18 21 5 Scrap Suit Usage (%) 21 | . . . . 99 100 100 100 100 87 . . . . . . . . . Parts Cannibalized 8 | . . . . 3 1 2 . . 2 . . . . . . . . . Class Distribution -------------------- 31% | Mutant 25% | Scavenger-Tank 9% | Tank 9% | Gunner 6% | Scavenger-Gunner 6% | Scavenger-Skirmisher 4% | Commander-Tank 3% | Scavenger-Mutant Dominant Class ---------------- Mutant | -10/Materials Mutant | -10/Subcaves Mutant | -9/Scraptown Scavenger-Gunner | -6/Factory Gunner | -6/Lower Caves Gunner | -6/Lower Caves Gunner | -6/Data Miner Scavenger-Skirmisher | -5/Proximity Caves Scavenger-Skirmisher | -5/Factory Scavenger-Tank | -5/Extension Commander-Tank | -5/Cetus Scavenger-Tank | -4/Factory Scavenger-Tank | -4/Upper Caves Scavenger-Tank | -4/Upper Caves Scavenger-Mutant | -4/Zhirov Scavenger-Tank | -3/Proximity Caves Tank | -3/Research Tank | -2/Research Resources | -11 -10 -10 -9 -6 -6 -6 -6 -5 -5 -5 -5 -4 -4 -4 -4 -3 -3 -2 ----------- Run | Yrd Mat Sub Scr Fac Low Low Dat Pro Fac Ext Cet Fac Upp Upp Zhi Pro Res Res Matter Collected 7099 | 270 . 34 250 302 204 29 . 379 274 1551 427 193 230 122 . 396 1312 1126 Remotely . | . . . . . . . . . . . . . . . . . . . Salvage Created 6007 | 181 . . . 477 173 100 . 254 326 640 87 163 161 119 . 560 882 1884 Parts 218 | 8 . . . 25 13 1 . 7 17 24 3 6 6 5 . 20 34 49 Haulers Intercepted 2 | . . . . . . . . . . . . . . . . . 2 . Recyclers Shooed 1 | . . . . . . . . . . 1 . . . . . . . . Parts Field Recycled . | . . . . . . . . . . . . . . . . . . . Retrieved Matter . | . . . . . . . . . . . . . . . . . . . Parts Self-Destructed 55 | . . 4 5 . 11 . . 5 . . . . 6 5 . 19 . . Prevented 9 | . . . . . . . . . . . . . . . . 9 . . Parts Restored . | . . . . . . . . . . . . . . . . . . . Kills | -11 -10 -10 -9 -6 -6 -6 -6 -5 -5 -5 -5 -4 -4 -4 -4 -3 -3 -2 ------- Run | Yrd Mat Sub Scr Fac Low Low Dat Pro Fac Ext Cet Fac Upp Upp Zhi Pro Res Res Combat Hostiles Destroyed 114 | . . . . 10 4 3 . 12 7 11 3 2 4 2 . 8 20 28 Melee 1 | . . . . . . . . . . . . . . . . . . 1 Guns 17 | . . . . . . . . 1 3 6 . 1 . . . 2 1 3 Cannons 62 | . . . . 8 2 2 . 3 . 2 2 1 4 2 . 6 16 14 AOE 28 | . . . . . 1 1 . 8 4 2 1 . . . . . 3 8 Classes Destroyed 21 | 2 . . . 8 . . . 3 1 3 . . . . . . 3 1 Worker 3 | . . . . . . . . . 1 1 . . . . . . . 1 Builder 6 | . . . . . . . . . . 2 . . . . . . . 4 Tunneler 5 | 3 . . . . . . . . . . . 1 . . . . 1 . Hauler 2 | . . . . . . . . . . . . . . . . . 2 . Recycler 2 | 1 . . . . . . . . . . . . . . . . . 1 Operator 2 | . . . . 1 . . . . 1 . . . . . . . . . Watcher 6 | . . . . 2 . . . . 2 . 2 . . . . . . . Swarmer 15 | . . . . 1 . . . . . . . . 2 . . . 12 . Grunt 49 | . . . . 3 . 3 . 8 3 4 1 . . 2 . 4 2 19 Brawler 1 | . . . . . . . . . . . . 1 . . . . . . Duelist 5 | . . . . 1 . . . 1 . 1 . . . . . . . 2 Protector 1 | . . . . . . . . 1 . . . . . . . . . . Sentry 10 | . . . . 1 . . . . 1 5 . 1 1 . . . 1 . Demolisher 2 | . . . . . . . . 1 . . . . . . . . 1 . Hunter 13 | . . . . 2 4 . . 1 1 . . . . . . 3 . 2 Programmer 9 | . . . . 2 . . . . 2 . . . . . . 1 1 3 Heavy 1 | . . . . . . . . . . . . . . . . . . 1 Behemoth 3 | . . . . . . . . . . 1 . . 1 . . . . 1 Cetus Guard 2 | . . . . . . . . . . . 2 . . . . . . . Enhanced Grunt 1 | . . . . . . . . . . . . . . . . 1 . . Striker 3 | . . . . . . . . . . . . . . . . . 3 . Samaritan 1 | . . . . . . . . 1 . . . . . . . . . . Savage 1 | . . . . . . . . . . 1 . . . . . . . . Butcher 1 | . . . . . . . . . . 1 . . . . . . . . Revision 1 | . . . . . . . . . . . . . . . . . 1 . Best Kill Streak 12 | 2 . . . 3 2 3 . 5 3 4 2 2 2 2 . 3 5 12 Combat Bots Only 10 | . . . . 2 2 3 . 5 3 3 1 1 2 2 . 3 5 10 Max Kills in Single Turn 4 | 2 . . . 1 1 2 . 2 2 3 1 2 1 1 . 1 4 3 Gunslinging . | . . . . . . . . . . . . . . . . . . . Exploded 2 | . . . . . 1 1 . 2 1 2 1 . . . . . 2 2 Melee 1 | . . . . . . . . . . . . . . . . . . 1 Uniques/NPCs Destroyed . | . . . . . . . . . . . . . . . . . . . Combat | -11 -10 -10 -9 -6 -6 -6 -6 -5 -5 -5 -5 -4 -4 -4 -4 -3 -3 -2 -------- Run | Yrd Mat Sub Scr Fac Low Low Dat Pro Fac Ext Cet Fac Upp Upp Zhi Pro Res Res Hostile Shots Fired 1332 | . . . 8 93 30 9 . 47 73 172 22 7 20 10 . 88 166 587 Missed 349 | . . . 2 25 10 4 . 16 22 40 6 4 4 1 . 22 46 147 Hits 983 | . . . 6 68 20 5 . 31 51 132 16 3 16 9 . 66 120 440 Melee 22 | . . . 3 9 . . . . . . . 1 . . . . 8 1 Projectile 961 | . . . 3 59 20 5 . 31 51 132 16 2 16 9 . 66 112 439 AOE 13 | . . . . . . . . 9 . . . . . . . . 4 . Critical Strikes 37 | . . . 2 4 . . . 1 . 7 3 . 1 . . 1 2 16 Actively Blocked 20 | . . . . . . . . . . . . . 1 . . 1 2 16 Part Disruptions 3 | . . . . . . . . . 1 . . 1 . . . . 1 . Damage Taken 22353 | . . 36 155 1490 379 93 . 964 1113 3130 360 111 411 196 . 1516 2859 9540 Core 2192 | . . 7 . 167 33 . . 40 48 149 15 . . 51 . 113 111 1458 Absorbed by Shields 1204 | . . . . . . . . . . 44 151 . . . . . 1009 . Reduced by Siege Mode 574 | . . . . . . . . . . . . . . . . . 118 456 Ignored by Resistances 1542 | . . . . . . . . . . . . . . . . . . 1542 Regen/Repaired (Parts) 114 | . . . 38 26 10 20 . . 20 . . . . . . . . . Core Remaining (%) 86 | 100 . . 97 . . . . 71 . . 78 . . . . 85 86 . Volleys Fired 376 | 9 . 14 . 35 10 3 . 22 22 93 18 11 9 5 . 25 47 53 Largest 4 | 2 . 2 . 3 3 3 . 3 4 4 4 4 3 3 . 3 4 4 Hottest 302 | 80 . 80 . 203 177 177 . 177 170 226 159 151 126 126 . 206 274 302 Shots Fired 1059 | 18 . 28 . 93 22 9 . 51 69 189 45 39 27 14 . 74 184 197 Gun 381 | 18 . 28 . 28 . . . 5 57 93 21 22 15 5 . 24 4 61 Cannon 556 | . . . . 65 20 6 . 25 5 33 17 17 12 9 . 50 174 123 Launcher 68 | . . . . . 2 3 . 21 7 12 4 . . . . . 6 13 Special 54 | . . . . . . . . . . 51 3 . . . . . . . Kinetic 622 | . . 12 . 35 10 3 . 20 53 82 38 39 27 14 . 43 131 115 Thermal 257 | . . . . 58 10 3 . 10 9 44 . . . . . 7 47 69 Explosive 68 | . . . . . 2 3 . 21 7 12 4 . . . . . 6 13 Electromagnetic 58 | 18 . 16 . . . . . . . . . . . . . 24 . . Robot Hit Streak 22 | 3 . . . 8 6 6 . 6 5 11 5 4 5 4 . 7 9 22 Robot Miss Streak 8 | 2 . . . 7 8 3 . 6 6 6 3 3 2 2 . 5 8 3 Penetration Max 2 | . . . . . . . . 1 . 1 1 1 . . . . . 2 Secondary Targets 1 | . . . . . . . . . 1 . . . . . . . . . Max Gunslinging Chain 1 | . . . . . . . . . 1 . . . . . . . . . Shots Hit Robots 599 | 12 . . . 62 15 6 . 33 44 116 20 18 18 8 . 39 66 142 Core Hits 368 | 5 . . . 38 12 13 . 51 27 54 20 8 6 4 . 18 39 73 Critical Kills 12 | . . . . 1 1 . . . . . 1 1 . . . . 2 6 Critical Parts Destroyed 8 | . . . . . . . . . . . . . 1 1 . 1 1 4 Critical Strikes 34 | . . . . 2 1 . . . . . 3 4 3 1 . 3 6 11 Burn 1 | . . . . 1 . . . . . . . . . . . . . . Meltdown 3 | . . . . 1 1 . . . . . . . . . . . . 1 Destroy 19 | . . . . . . . . . . . 1 2 2 1 . 1 4 8 Blast 9 | . . . . . . . . . . . 2 2 1 . . 1 2 1 Corrupt 1 | . . . . . . . . . . . . . . . . 1 . . Smash 1 | . . . . . . . . . . . . . . . . . . 1 Melee Attacks 25 | . . . . 6 . . . . . . . 4 . . . . . 15 Impact 25 | . . . . 6 . . . . . . . 4 . . . . . 15 Slashing . | . . . . . . . . . . . . . . . . . . . Piercing . | . . . . . . . . . . . . . . . . . . . Sneak Attacks 1 | . . . . . . . . . . . . . . . . . . 1 Combat Hostiles . | . . . . . . . . . . . . . . . . . . . Follow-up Attacks . | . . . . . . . . . . . . . . . . . . . Damage Inflicted 24764 | 236 . . . 1823 466 426 . 2358 1397 3360 1201 558 468 249 . 1393 3617 7212 Guns 5209 | 175 . . . 253 . . . 58 702 1300 352 286 182 59 . 286 30 1526 Cannons 10827 | . . . . 1348 345 155 . 504 107 590 264 272 286 190 . 952 2541 3273 Explosions 8044 | 61 . . . 175 121 271 . 1796 588 1470 585 . . . . 155 1046 1776 Melee 625 | . . . . 47 . . . . . . . . . . . . . 578 Ramming 59 | . . . . . . . . . . . . . . . . . . 59 Kinetic 9790 | . . . . 566 121 58 . 367 724 1280 616 558 468 249 . 491 1627 2665 Thermal 6088 | 61 . . . 1035 224 97 . 195 176 610 . . . . . 380 1176 2134 Explosive 7330 | . . . . . 121 271 . 1796 497 1470 585 . . . . . 814 1776 Electromagnetic 872 | 175 . . . 175 . . . . . . . . . . . 522 . . Impact 625 | . . . . 47 . . . . . . . . . . . . . 578 Slashing . | . . . . . . . . . . . . . . . . . . . Piercing . | . . . . . . . . . . . . . . . . . . . Highest Corruption 10 | . . . 2 1 1 1 1 1 10 10 8 2 2 2 2 2 1 6 Average Corruption 3 | . . . 2 1 1 1 1 1 3 7 8 2 2 2 2 2 1 2 Corruption Purged 3 | . . . . . . . . . . 3 . . . . . . . . Corruption Blocked . | . . . . . . . . . . . . . . . . . . . Effects 149 | . . . . 3 3 2 2 6 8 53 30 1 8 5 5 9 5 9 Message Errors 33 | . . . . 3 1 1 . . 1 10 8 . 2 . 2 1 2 2 Matter Fused 29 | . . . . . . . 1 2 2 11 6 . 1 2 1 2 . 1 Heat Flow Errors 22 | . . . . . . . 1 1 1 7 3 1 3 2 . 1 1 1 Energy Discharges 17 | . . . . . 1 . . . 2 7 3 . . . . 2 1 1 Parts Rejected 1 | . . . . . . . . . . . 1 . . . . . . . Data Loss (minor) 18 | . . . . . . . . 1 . 4 5 . 2 . 1 1 1 3 Data Loss (major) 10 | . . . . . 1 . . . . 5 3 . . . 1 . . . Misfires 7 | . . . . . . . . 1 . 5 1 . . . . . . . Alerts 5 | . . . . . . 1 . . 2 1 . . . . . 1 . . Weapon Failures 7 | . . . . . . . . 1 . 3 . . . 1 . 1 . 1 Overload Shots . | . . . . . . . . . . . . . . . . . . . Overflow Damage 512 | . . . . 43 . . . 28 70 28 10 5 51 . . 32 115 130 Projectiles 207 | . . . . 1 . . . . . 25 . 5 51 . . 32 79 14 Explosions 173 | . . . . . . . . 28 70 3 10 . . . . . 36 26 Melee 132 | . . . . 42 . . . . . . . . . . . . . 90 Knockbacks 47 | . . . . 7 . . . 1 1 3 . 3 3 . . 1 14 14 Impact 4 | . . . . . . . . . . . . . . . . . . 4 Kinetic 40 | . . . . 7 . . . 1 1 3 . 3 2 . . 1 14 8 Secondary 3 | . . . . . . . . . . . . . 1 . . . . 2 Self-Inflicted Damage 415 | . . . . 8 46 . . . . 84 . . . . . 62 69 146 Shots 8 | . . . . 1 1 . . . . 2 . . . . . 1 1 2 Rammed 5 | . . . . . . . . . . . . . . . . . . 5 Targets Rammed 5 | . . . . . . . . . . . . . . . . . . 5 Kicked . | . . . . . . . . . . . . . . . . . . . Crushed . | . . . . . . . . . . . . . . . . . . . Highest Temperature 479 | 108 . . 37 458 102 138 82 138 267 479 191 55 124 122 . 216 202 212 Average Temperature 95 | 44 . . 23 159 24 69 82 65 51 120 76 55 69 75 . 127 78 65 Received Heat Transfer 2417 | . . . 86 267 . 27 . 156 63 589 26 . 45 51 . 84 51 972 Effects 9 | . . . . 3 . . . . . 6 . . . . . . . . Shutdowns 5 | . . . . 2 . . . . . 3 . . . . . . . . Energy Bleed 1 | . . . . . . . . . . 1 . . . . . . . . Interference 2 | . . . . . . . . . . 2 . . . . . . . . Matter Decay 1 | . . . . 1 . . . . . . . . . . . . . . Siege Activations 3 | . . . . . . . . . . . . . . . . . 1 2 Total Turns 77 | . . . . . . . . . . . . . . . . . 12 65 Longest Duration 41 | . . . . . . . . . . . . . . . . . 12 41 Martial Activations . | . . . . . . . . . . . . . . . . . . . Shielding Activations . | . . . . . . . . . . . . . . . . . . . Robots Disrupted . | . . . . . . . . . . . . . . . . . . . Combat Hostiles . | . . . . . . . . . . . . . . . . . . . Robots Corrupted 4 | . . . . 1 . . . . . . . . . . . . . 3 Combat Hostiles 2 | . . . . 1 . . . . . . . . . . . . . 1 Parts Fried 12 | 2 . . . 1 . . . . . . . . . . . . . 9 Impact Corruptions 8 | . . . . 2 . . . . . . . . . . . . . 6 Robots Melted 4 | . . . . 1 1 . . . . 1 . . . . . . . 1 Combat Hostiles 4 | . . . . 1 1 . . . . 1 . . . . . . . 1 Parts Melted 14 | . . . . 2 . . . 1 . 7 . . . . . . . 4 Heat Transferred 6582 | 100 . . . 1669 350 150 . 300 161 999 . . . . . 100 570 2183 Parts Sabotaged . | . . . . . . . . . . . . . . . . . . . Parts Stolen . | . . . . . . . . . . . . . . . . . . . Parts Stripped . | . . . . . . . . . . . . . . . . . . . Power Chain Reactions 5 | 2 . . . . . . . . . . . . . . . 2 1 . Alert | -11 -10 -10 -9 -6 -6 -6 -6 -5 -5 -5 -5 -4 -4 -4 -4 -3 -3 -2 ------- Run | Yrd Mat Sub Scr Fac Low Low Dat Pro Fac Ext Cet Fac Upp Upp Zhi Pro Res Res Maximum Alert Level 2 | . . . . . . . . . 1 1 1 1 . . . . 1 2 Low Security (%) 70 | 100 100 . . 100 . . . . 16 88 66 18 . . . . 85 19 Level 1 22 | . . . . . . . . . 83 11 33 81 . . . . 14 19 Level 2 6 | . . . . . . . . . . . . . . . . . . 61 Level 3 . | . . . . . . . . . . . . . . . . . . . Level 4 . | . . . . . . . . . . . . . . . . . . . Level 5 . | . . . . . . . . . . . . . . . . . . . High Security . | . . . . . . . . . . . . . . . . . . . Max Security . | . . . . . . . . . . . . . . . . . . . Peak Influence 680 | 10 . . . 137 . . . . 331 233 390 380 . . . . 247 680 Initial 207 | . . . . . . . . . . 135 92 207 . . . . 96 108 Average 148 | 1 . . . 27 . . . . 243 130 184 268 . . . . 87 383 Influence Increases 6416 | 20 . . . 405 100 70 . 255 590 932 728 507 230 120 . 567 730 1162 Destroy 0b10 Robot/C 3080 | . . . . 200 80 60 . 220 140 540 280 160 80 60 . 300 400 560 Destroy 0b10 Robot/NC 150 | 20 . . . 15 . . . 5 20 20 10 15 . . . . 15 30 Destroy Leader 476 | . . . . 54 20 10 . 30 44 30 20 34 20 . . 40 64 110 Allied During Kill 1072 | . . . . . . . . . . 166 310 209 100 60 . 227 . . Successful Hack 84 | . . . . 66 . . . . 4 . 14 . . . . . . . Disable Machine 330 | . . . . 60 . . . . 120 . . 30 . . . . 105 15 Destroy Structure 1134 | . . . . 10 . . . . 262 146 94 44 . . . . 146 432 Lose Combat Pursuer 90 | . . . . . . . . . . 30 . 15 30 . . . . 15 Influence Decreases 5912 | 20 . . . 304 183 88 . 255 312 1045 521 507 386 162 174 424 680 851 Entered New Map 909 | . . . . . 38 4 . . . 143 73 165 138 42 174 . 47 85 Time Decay 3691 | 20 . . . 280 135 84 . 247 262 502 368 222 238 120 . 304 523 386 Lost Part 812 | . . . . 24 10 . . 8 50 140 20 . 10 . . 60 110 380 Lost Ally 500 | . . . . . . . . . . 260 60 120 . . . 60 . . Squads Dispatched 24 | . . . . 5 . . . . 3 . . 1 . . . 1 4 10 Investigation 6 | . . . . 1 . . . . 1 . . . . . . 1 3 . Extermination 7 | . . . . 3 . . . . 1 . . 1 . . . . . 2 Reinforcement 10 | . . . . 1 . . . . 1 . . . . . . . 1 7 Assault 1 | . . . . . . . . . . . . . . . . . . 1 Garrison . | . . . . . . . . . . . . . . . . . . . Intercept . | . . . . . . . . . . . . . . . . . . . Searches Triggered . | . . . . . . . . . . . . . . . . . . . Construction Impeded 3 | . . . . . . . . . 1 . . . . . . . . 2 Haulers Reinforced 1 | . . . . . . . . . . . . . . . . . . 1 Active Scanning Responses . | . . . . . . . . . . . . . . . . . . . Cargo Convoy Interrupts . | . . . . . . . . . . . . . . . . . . . Stealth | -11 -10 -10 -9 -6 -6 -6 -6 -5 -5 -5 -5 -4 -4 -4 -4 -3 -3 -2 --------- Run | Yrd Mat Sub Scr Fac Low Low Dat Pro Fac Ext Cet Fac Upp Upp Zhi Pro Res Res Distress Signals 27 | . 1 . . . . . . 13 . . 2 3 . . . . 6 2 Communications Jammed . | . . . . . . . . . . . . . . . . . . . Distress Signals . | . . . . . . . . . . . . . . . . . . . Times Spotted 222 | . 3 1 4 16 4 3 . 12 9 34 14 10 6 3 . 15 38 50 Peak Tracking Total 15 | . 2 . 4 3 2 3 . 5 2 5 5 6 3 2 . 7 5 15 Tactical Retreats 5 | . . . . . . . . . . 2 . 1 1 . . . . 1 Traps | -11 -10 -10 -9 -6 -6 -6 -6 -5 -5 -5 -5 -4 -4 -4 -4 -3 -3 -2 ------- Run | Yrd Mat Sub Scr Fac Low Low Dat Pro Fac Ext Cet Fac Upp Upp Zhi Pro Res Res Traps Triggered 12 | . . 1 . 1 . . . . 3 2 . 1 . . . . 3 1 Indirectly . | . . . . . . . . . . . . . . . . . . . Trap Hack Attempts . | . . . . . . . . . . . . . . . . . . . Triggered . | . . . . . . . . . . . . . . . . . . . Disarmed . | . . . . . . . . . . . . . . . . . . . Reprogrammed . | . . . . . . . . . . . . . . . . . . . Reused . | . . . . . . . . . . . . . . . . . . . Traps Extracted . | . . . . . . . . . . . . . . . . . . . Installed . | . . . . . . . . . . . . . . . . . . . Triggered . | . . . . . . . . . . . . . . . . . . . Machines | -11 -10 -10 -9 -6 -6 -6 -6 -5 -5 -5 -5 -4 -4 -4 -4 -3 -3 -2 ---------- Run | Yrd Mat Sub Scr Fac Low Low Dat Pro Fac Ext Cet Fac Upp Upp Zhi Pro Res Res Machines Disabled 30 | . . 1 . 4 . . . . 8 2 1 2 . . . 4 7 1 Max in Single Turn 8 | . . 1 . 3 . . . . 8 2 . 1 . . . 2 1 1 Garrison Access 2 | . . . . . . . . . . . . . . . . . 2 . Machines Repaired . | . . . . . . . . . . . . . . . . . . . Machines Dismantled . | . . . . . . . . . . . . . . . . . . . Machines Sabotaged . | . . . . . . . . . . . . . . . . . . . Overloaded Fab Kills . | . . . . . . . . . . . . . . . . . . . Hacking | -11 -10 -10 -9 -6 -6 -6 -6 -5 -5 -5 -5 -4 -4 -4 -4 -3 -3 -2 --------- Run | Yrd Mat Sub Scr Fac Low Low Dat Pro Fac Ext Cet Fac Upp Upp Zhi Pro Res Res Machines Accessed 37 | . . 1 1 9 . . 3 . 4 2 3 2 . . 9 1 2 . Terminals 14 | . . . . 7 . . . . 1 2 3 . . . . 1 . . Fabricators . | . . . . . . . . . . . . . . . . . . . Repair Stations . | . . . . . . . . . . . . . . . . . . . Recycling Units 4 | . . . . 2 . . . . 1 . . 1 . . . . . . Scanalyzers 2 | . . . . . . . . . 1 . . 1 . . . . . . Garrison Access 3 | . . . . . . . . . 1 . . . . . . . 2 . Total Hacks 119 | . . 1 1 16 . . 24 . 12 2 6 3 . . 48 3 3 . Successful 88 | . . 1 1 6 . . 24 . 2 . 3 . . . 48 3 . . Failed 30 | . . . . 10 . . . . 9 2 3 3 . . . . 3 . Catastrophic 7 | . . . . 4 . . . . 1 . 1 . . . . . 1 . Database Lockouts 1 | . . . . . . . . . 1 . . . . . . . . . Manual 28 | . . . . 16 . . . . 6 2 2 2 . . . . . . Terminals 25 | . . . . 13 . . . . 1 2 6 . . . . 3 . . Fabricators . | . . . . . . . . . . . . . . . . . . . Repair Stations . | . . . . . . . . . . . . . . . . . . . Recycling Units 11 | . . . . 3 . . . . 6 . . 2 . . . . . . Scanalyzers 4 | . . . . . . . . . 3 . . 1 . . . . . . Garrison Access 5 | . . . . . . . . . 2 . . . . . . . 3 . Terminal Hacks 81 | . . 1 1 . . . 24 . 1 . 3 . . . 48 3 . . Record 49 | . . . 1 . . . 6 . . . 3 . . . 36 3 . . Part Schematic 15 | . . . . . . . 11 . . . . . . . 4 . . . Robot Schematic 4 | . . . . . . . 4 . . . . . . . . . . . Robot Analysis 4 | . . . . . . . . . . . . . . . 4 . . . Prototype ID Bank 7 | . . . . . . . 3 . . . . . . . 4 . . . Open Door 1 | . . . . . . . . . 1 . . . . . . . . . Proto ID Catalog 1 | . . 1 . . . . . . . . . . . . . . . . Fabricator Hacks . | . . . . . . . . . . . . . . . . . . . Repair Station Hacks . | . . . . . . . . . . . . . . . . . . . Recycling Unit Hacks . | . . . . . . . . . . . . . . . . . . . Scanalyzer 1 | . . . . . . . . . 1 . . . . . . . . . Retrieve Study 1 | . . . . . . . . . 1 . . . . . . . . . Garrison Access Hacks . | . . . . . . . . . . . . . . . . . . . Unauthorized Hacks 6 | . . . . 6 . . . . . . . . . . . . . . Terminals 5 | . . . . 5 . . . . . . . . . . . . . . Botnet 5 | . . . . 5 . . . . . . . . . . . . . . Fabricators . | . . . . . . . . . . . . . . . . . . . Repair Stations . | . . . . . . . . . . . . . . . . . . . Recycling Units 1 | . . . . 1 . . . . . . . . . . . . . . Fedlink 1 | . . . . 1 . . . . . . . . . . . . . . Scanalyzers . | . . . . . . . . . . . . . . . . . . . Garrison Access . | . . . . . . . . . . . . . . . . . . . Data Cores Recovered 2 | . . . . 1 . . . . 1 . . . . . . . . . Used . | . . . . . . . . . . . . . . . . . . . Hacking Detections 21 | . . . . 8 . . . . 3 2 3 2 . . . 1 2 . Full Trace Events 2 | . . . . . . . . . 1 . . . . . . 1 . . Feedback Events . | . . . . . . . . . . . . . . . . . . . Feedback Blocked . | . . . . . . . . . . . . . . . . . . . Robot Schematics Acquired 4 | . . . . . . . 4 . . . . . . . . . . . Robots Built . | . . . . . . . . . . . . . . . . . . . Authchips . | . . . . . . . . . . . . . . . . . . . Time . | . . . . . . . . . . . . . . . . . . . Total Robot Build Rating . | . . . . . . . . . . . . . . . . . . . Part Schematics Acquired 15 | . . . . . . . 11 . . . . . . . 4 . . . Parts Built . | . . . . . . . . . . . . . . . . . . . Authchips . | . . . . . . . . . . . . . . . . . . . Time . | . . . . . . . . . . . . . . . . . . . Total Part Build Rating . | . . . . . . . . . . . . . . . . . . . Part Studies Acquired 1 | . . . . . . . . . 1 . . . . . . . . . Parts Repaired . | . . . . . . . . . . . . . . . . . . . Time . | . . . . . . . . . . . . . . . . . . . Parts Recycled . | . . . . . . . . . . . . . . . . . . . Recycled Matter . | . . . . . . . . . . . . . . . . . . . Retrieved Matter . | . . . . . . . . . . . . . . . . . . . Retrieved Components . | . . . . . . . . . . . . . . . . . . . Parts Scanalyzed . | . . . . . . . . . . . . . . . . . . . Part Schematics Acquired . | . . . . . . . . . . . . . . . . . . . Parts Damaged . | . . . . . . . . . . . . . . . . . . . Bothacking | -11 -10 -10 -9 -6 -6 -6 -6 -5 -5 -5 -5 -4 -4 -4 -4 -3 -3 -2 ------------ Run | Yrd Mat Sub Scr Fac Low Low Dat Pro Fac Ext Cet Fac Upp Upp Zhi Pro Res Res Used RIF Installer . | . . . . . . . . . . . . . . . . . . . Robots Hacked 7 | . . . . . . . . . . 4 3 . . . . . . . Non-combat 1 | . . . . . . . . . . 1 . . . . . . . . Combat 6 | . . . . . . . . . . 3 3 . . . . . . . Robot Hacks Applied 7 | . . . . . . . . . . 4 3 . . . . . . . parse_system 7 | . . . . . . . . . . 4 3 . . . . . . . Relay Couplers Released 2 | . . . . . . . . . . . . . . . . . 2 . Machine Destruction 2 | . . . . . . . . . . . . . . . . . 2 . Fabnet Peak Effective % . | . . . . . . . . . . . . . . . . . . . Robots Rewired 23 | . . . . . . . . . . 23 . . . . . . . . Allies Hacked 1 | . . . . . . . . . . . . 1 . . . . . . Hacks Repelled . | . . . . . . . . . . . . . . . . . . . Allies | -11 -10 -10 -9 -6 -6 -6 -6 -5 -5 -5 -5 -4 -4 -4 -4 -3 -3 -2 -------- Run | Yrd Mat Sub Scr Fac Low Low Dat Pro Fac Ext Cet Fac Upp Upp Zhi Pro Res Res Total Allies 35 | . . . . . . . . . . 30 5 . . . . . . . Largest Group 17 | . . . . . . . . . . 14 17 16 5 4 4 4 . . Highest-Rated Group 932 | . . . . . . . . . . 533 932 880 423 384 384 384 . . Highest-Rated Ally 159 | . . . . . . . . . . 159 159 152 96 96 96 96 . . Initial UFD Resources 48 | . . . . 24 34 34 34 38 38 38 38 40 40 40 40 44 44 48 Total Orders . | . . . . . . . . . . . . . . . . . . . Ally Attacks 303 | . . . . . . . . . . 98 63 62 15 3 . 62 . . Total Damage 8755 | . . . . . . . . . . 2518 1943 1898 440 137 . 1819 . . Kills 50 | . . . . . . . . . . 18 11 12 1 1 . 7 . . Allies Corrupted 1 | . . . . . . . . . . . . 1 . . . . . . Allies Melted 1 | . . . 1 . . . . . . . . . . . . . . . Intel | -11 -10 -10 -9 -6 -6 -6 -6 -5 -5 -5 -5 -4 -4 -4 -4 -3 -3 -2 ------- Run | Yrd Mat Sub Scr Fac Low Low Dat Pro Fac Ext Cet Fac Upp Upp Zhi Pro Res Res Active Infowar (turns) 16044 | 61 163 1498 3112 1147 504 537 174 681 574 1351 851 477 503 256 463 660 2387 645 Terrain 1721 | . . . . . . . . 418 574 729 . . . . . . . . Structural 74 | . . . . . . . . . . . . . . . . . . 74 Seismic 5981 | 61 163 1498 3112 295 . . . 355 497 . . . . . . . . . Decoding 11111 | . . . . 1143 504 537 174 681 574 1330 851 477 503 256 463 660 2387 571 Robot Analysis Total 4 | . . . . . . . . . . . . . . . 4 . . . Derelict Logs Recovered 6 | . . . 2 . . 1 . 1 . . . . 1 1 . . . . Drone Launches . | . . . . . . . . . . . . . . . . . . . Drone Recoveries . | . . . . . . . . . . . . . . . . . . . Decoded 0b10 Intel 192 | . . . . 32 . . . . 14 34 9 15 . . . . 70 18 Traps 15 | . . . . 3 . . . . . 8 . 1 . . . . 2 1 Emergency Access 14 | . . . . 1 . . . . 2 . . . . . . . 10 1 Items 120 | . . . . 22 . . . . 11 20 . 10 . . . . 46 11 Machines 20 | . . . . 4 . . . . . 4 4 2 . . . . 4 2 Patrols 7 | . . . . . . . . . . 1 2 . . . . . 2 2 Guards 9 | . . . . 1 . . . . . 1 . 1 . . . . 5 1 Exits 7 | . . . . 1 . . . . 1 . 3 1 . . . . 1 . Exploration | -11 -10 -10 -9 -6 -6 -6 -6 -5 -5 -5 -5 -4 -4 -4 -4 -3 -3 -2 ------------- Run | Yrd Mat Sub Scr Fac Low Low Dat Pro Fac Ext Cet Fac Upp Upp Zhi Pro Res Res Turns Passed 16501 | 159 163 1498 3112 1147 504 537 174 681 574 1351 851 477 503 256 463 758 2387 906 Spaces Moved 9154 | 76 102 899 1937 651 306 268 80 376 407 607 481 259 293 145 270 404 1253 340 Core 6 | 2 . . . . . . . . . . . . . . . . . 4 Treads 8142 | 74 102 899 1937 651 306 268 80 105 . 292 481 259 293 145 270 404 1253 323 Legs . | . . . . . . . . . . . . . . . . . . . Wheels 12 | . . . . . . . . . . . . . . . . . . 12 Hover . | . . . . . . . . . . . . . . . . . . . Flight 994 | . . . . . . . . 271 407 315 . . . . . . . 1 Fastest Speed 40 | 50 160 160 150 150 150 186 220 120 80 155 160 160 162 162 162 162 161 40 Average Speed 160 | 157 160 160 159 150 153 197 220 151 119 168 160 161 162 162 162 162 168 166 Slowest Speed 245 | 160 160 160 160 150 186 220 220 220 160 240 160 162 162 162 162 162 245 170 Overloaded Moves . | . . . . . . . . . . . . . . . . . . . Propulsion Burnouts . | . . . . . . . . . . . . . . . . . . . Robots Hopped . | . . . . . . . . . . . . . . . . . . . Potential Cave-ins 10 | . . . . . . . . . . . . . . . . . 10 . Cave-ins Triggered . | . . . . . . . . . . . . . . . . . . . Teleports 1 | . . . . . . . . . . . . . . . . . 1 . Exploration Rate (%) 45 | 4 35 36 90 16 56 48 68 50 9 75 77 9 53 46 62 58 54 11 Regions Visited 18 Branch Regions 12 Pre-discovered Areas 6 | . . . 2 . . . 1 . . . . . . . 3 . . . Known Exits Taken 5 | . . . . . . . . 1 1 . 1 1 . . . . 1 . Unknown Exits Taken 13 | 1 1 1 1 1 1 1 1 . . 1 . . 1 1 1 1 . . Scrap Searched 13 | . . . 4 . 1 1 . 3 . . . . 2 . . 2 . . Spaces Dug 8 | . . . . 4 . . . . . . . 4 . . . . . . Terrain Destroyed 970 | 9 . . . 9 35 52 . 129 152 146 84 9 9 7 . 27 125 177 Melee 8 | . . . . 4 . . . . . . . 4 . . . . . . Projectile 171 | . . . . 5 3 . . 3 1 25 7 5 9 7 . 14 62 30 AOE 791 | 9 . . . . 32 52 . 126 151 121 77 . . . . 13 63 147 Terrain Rammed . | . . . . . . . . . . . . . . . . . . . Walls Destroyed . | . . . . . . . . . . . . . . . . . . . Machines Disabled . | . . . . . . . . . . . . . . . . . . . Actions | -11 -10 -10 -9 -6 -6 -6 -6 -5 -5 -5 -5 -4 -4 -4 -4 -3 -3 -2 --------- Run | Yrd Mat Sub Scr Fac Low Low Dat Pro Fac Ext Cet Fac Upp Upp Zhi Pro Res Res Total 10117 | 94 102 931 1950 736 320 270 79 444 442 805 529 286 302 154 301 447 1403 522 Wait 238 | . . 10 . 12 . . . 36 . 31 15 . . 4 9 . 51 70 Move 9136 | 75 101 898 1936 650 305 267 79 375 406 606 480 258 292 144 269 403 1252 340 Hop . | . . . . . . . . . . . . . . . . . . . Pick Up 75 | 3 1 4 6 9 2 . . 3 6 11 4 3 . . 4 4 12 3 Fast Attach 55 | 7 . . 1 4 . . . . 2 11 3 1 . . 4 . 9 13 Attach 71 | . . . . 7 1 . . 5 2 14 1 2 1 . 1 9 12 16 Detach 15 | . . . . 2 . . . . 2 1 2 . . . 4 . 1 3 Swap 46 | . . 1 4 5 . . . 1 2 9 5 4 . 1 . 6 8 . Drop 46 | . . 4 3 6 2 . . 2 . . 1 3 . . 10 . 11 4 Fire 376 | 9 . 14 . 35 10 3 . 22 22 93 18 11 9 5 . 25 47 53 Melee 25 | . . . . 6 . . . . . . . 4 . . . . . 15 Ram 4 | . . . . . . . . . . . . . . . . . . 4 Kick . | . . . . . . . . . . . . . . . . . . . Crush 1 | . . . . . . . . . . . . . . . . . . 1 Escape Stasis 29 | . . . . . . . . . . 29 . . . . . . . . Rewire . | . . . . . . . . . . . . . . . . . . . Trap . | . . . . . . . . . . . . . . . . . . . Miscellaneous . | . . . . . . . . . . . . . . . . . . . Route ------- -11/Scrapyard -10/Materials (discovered 3 exits: [*Mat] / [*Min] / *Sub) -10/Subcaves (discovered 2 exits: [*Mat] / *Scr) -9/Scraptown (discovered 2 exits: *Fac x2) -6/Factory (discovered 2 exits: Fac / [*Low]) -6/Lower Caves -6/Lower Caves -6/Data Miner -5/Proximity Caves -5/Factory (discovered 3 exits: *Fac / *Ext x2) -5/Extension (discovered 2 exits: *Fac / *Cet) -5/Cetus (discovered 3 exits: *Fac x2 / *Arc) -4/Factory -4/Upper Caves -4/Upper Caves (discovered 2 exits: *Res / *Zhi) -4/Zhirov -3/Proximity Caves -3/Research (discovered 2 exits: *Res x2) -2/Research History --------- Turn | Location | Event 6 | -11/Scrapyard | Discovered new exit (range 16) 160 | -11/Scrapyard | Entered Materials 161 | -10/Materials | Met a group of wandering Federalists 223 | -10/Materials | Discovered new exit (range 10) 294 | -10/Materials | Discovered new exit (range 13) 310 | -10/Materials | Discovered new exit (range 9) 313 | -10/Materials | Build established: Mutant 323 | -10/Materials | Entered Subcaves 324 | -10/Subcaves | Continued accompanying wandering Federalists (4) 384 | -10/Subcaves | Shifting Twisted Machinery released Shrapnel Trap 387 | -10/Subcaves | Shifting Twisted Machinery released Mak. Kinetic Plating 945 | -10/Subcaves | Shifting Twisted Machinery released Sub. Machine Gun 1577 | -10/Subcaves | Visited 4L-MR0's lab 1605 | -10/Subcaves | Found Flightbrick 1810 | -10/Subcaves | Discovered new exit (range 14) 1821 | -10/Subcaves | Entered Scraptown 2076 | -9/Scraptown | Discovered new exit (range 13) 2412 | -9/Scraptown | Visited Awakened 2435 | -9/Scraptown | Visited Red Mages 2505 | -9/Scraptown | Visited Assassins FH 2564 | -9/Scraptown | Visited CR-KLE's Repair Center 2575 | -9/Scraptown | CR-KLE repaired 3 parts 2609 | -9/Scraptown | Visited Symbiants 2655 | -9/Scraptown | Visited Cave Peace 2671 | -9/Scraptown | Visited Fellowship of the Rings 2817 | -9/Scraptown | Visited UFD Registry 2817 | -9/Scraptown | Registered with UFD as "Electroface" 2886 | -9/Scraptown | Visited Abandonware Association 2915 | -9/Scraptown | Visited DA-N13 Charitable Foundation 2921 | -9/Scraptown | Found DCF Scrap (30 items) 3416 | -9/Scraptown | Scanned Subdweller tech in exchange for log data 3421 | -9/Scraptown | Learned location of Warlord (-5) 3423 | -9/Scraptown | Learned location of Zion (-7) 3549 | -9/Scraptown | Visited A0-MCA Data Center 3580 | -9/Scraptown | Visited Curators Association 3605 | -9/Scraptown | Visited Science Testing Area 3656 | -9/Scraptown | Delivered Scrap Shield to a Scientist 3801 | -9/Scraptown | Visited Chapter 10 3828 | -9/Scraptown | Visited Infowarlord's Domain 3869 | -9/Scraptown | Visited Analyses Database 3903 | -9/Scraptown | Visited Science Guys 3941 | -9/Scraptown | Visited Derelict Rescue Squad 4664 | -9/Scraptown | Found Scrap Suit 4814 | -9/Scraptown | Met Optimus 4814 | -9/Scraptown | Accepted into 0bPrime 4914 | -9/Scraptown | Civil war broke out across Scraptown 4918 | -9/Scraptown | Discovered new exit (range 5) 4933 | -9/Scraptown | Entered Factory 4933 | -6/Factory | Evolved 8 slots: Power x1, Propulsion x2, Utility x3, Weapon x2 5279 | -6/Factory | Lost 3 parts (1p1n1w) 5618 | -6/Factory | Build established: Scavenger-Gunner 5665 | -6/Factory | Loaded intel: 8 recycling unit locations 5726 | -6/Factory | Discovered new exit (range 11) 5843 | -6/Factory | Identified exit to Factory 6080 | -6/Factory | Entered Lower Caves 6082 | -6/Lower Caves | UFD Scientist delivered a prototype 6088 | -6/Lower Caves | Found Prototype Protection 6560 | -6/Lower Caves | Discovered new exit (range 12) 6584 | -6/Lower Caves | Entered another Lower Caves area 6606 | -6/Lower Caves | Build established: Gunner 6660 | -6/Lower Caves | Encountered a Warlord checkpoint 7009 | -6/Lower Caves | Learned location of 1 exit from Factory 7024 | -6/Lower Caves | Discovered new exit (range 14) 7121 | -6/Lower Caves | Entered Data Miner 7121 | -6/Data Miner | Discovered new exit (range 6) 7163 | -6/Data Miner | Met Data Miner 7207 | -6/Data Miner | Learned location of Section 7 (-2) 7207 | -6/Data Miner | Acquired the access code to Warlord's prototype stash 7245 | -6/Data Miner | Received God Mode back door access code from Data Miner 7295 | -6/Data Miner | Entered Proximity Caves 7558 | -5/Proximity Caves | Attached Flightbrick, gained temporary slots: Utility x3 7937 | -5/Proximity Caves | Build established: Scavenger-Skirmisher 7976 | -5/Proximity Caves | Entered Factory 7976 | -5/Factory | Evolved 2 slots: Propulsion x2 7977 | -5/Factory | Identified exit to Extension 8128 | -5/Factory | Discovered new exit (range 9) 8245 | -5/Factory | Central database locked down 8478 | -5/Factory | Identified Enh. Scrap Shield 8517 | -5/Factory | System corruption reached 10% 8550 | -5/Factory | Entered Extension 8957 | -5/Extension | Rescued a captive Derelict 9245 | -5/Extension | Spotted B-75 Beast 9261 | -5/Extension | Spotted B-75 Beast 9296 | -5/Extension | Allies destroyed B-75 Beast 9297 | -5/Extension | Destroyed B-75 Beast 9330 | -5/Extension | Lost 8 parts (1p1n3u3w) 9354 | -5/Extension | Lost 7 allies 9441 | -5/Extension | Lost 4 allies 9509 | -5/Extension | Rescued A7 9532 | -5/Extension | Rescued a captive Derelict 9534 | -5/Extension | Rescued a captive Derelict 9573 | -5/Extension | Build established: Scavenger-Tank 9788 | -5/Extension | Rescued a captive Derelict 9802 | -5/Extension | Rescued a captive Derelict 9807 | -5/Extension | Rescued a captive Derelict 9851 | -5/Extension | Discovered new exit (range 10) 9852 | -5/Extension | Discovered new exit (range 6) 9901 | -5/Extension | Entered Cetus 9901 | -5/Cetus | Accompanied by 14 allies (A7) 9906 | -5/Cetus | Acquired a Cetus Manufacturing Module code from A7 9921 | -5/Cetus | Spotted Cetus Guard 9922 | -5/Cetus | Spotted Cetus Guard 9925 | -5/Cetus | Spotted Cetus Guard 9925 | -5/Cetus | Spotted Cetus Guard 9930 | -5/Cetus | Allies destroyed Cetus Guard 9932 | -5/Cetus | Allies destroyed Cetus Guard 9944 | -5/Cetus | Destroyed Cetus Guard 9946 | -5/Cetus | Allies destroyed Cetus Guard 10069 | -5/Cetus | Started Cetus Manufacturing Module 10094 | -5/Cetus | Manufactured an Enhanced Grunt 10119 | -5/Cetus | Manufactured an Enhanced Grunt 10144 | -5/Cetus | Manufactured an Enhanced Grunt 10169 | -5/Cetus | Manufactured an Enhanced Grunt 10194 | -5/Cetus | Manufactured an Enhanced Grunt 10218 | -5/Cetus | Identified exit to Archives 10271 | -5/Cetus | Identified exit to Factory 10273 | -5/Cetus | Spotted Cetus Guard 10273 | -5/Cetus | Spotted Cetus Guard 10277 | -5/Cetus | Spotted Cetus Guard 10279 | -5/Cetus | Spotted Cetus Guard 10283 | -5/Cetus | Allies destroyed Cetus Guard 10284 | -5/Cetus | Allies destroyed Cetus Guard 10296 | -5/Cetus | Allies destroyed Cetus Guard 10303 | -5/Cetus | Destroyed Cetus Guard 10323 | -5/Cetus | Met Revision 17 10448 | -5/Cetus | Build established: Commander-Tank 10651 | -5/Cetus | Security sweep announced 10752 | -5/Cetus | Entered Factory 10752 | -4/Factory | Accompanied by 16 allies (A7) 10752 | -4/Factory | Evolved 2 slots: Utility x2 10927 | -4/Factory | Lost 8 allies 10971 | -4/Factory | Identified exit to Upper Caves 11198 | -4/Factory | Build established: Scavenger-Tank 11229 | -4/Factory | Entered Upper Caves 11229 | -4/Upper Caves | Accompanied by 5 allies 11417 | -4/Upper Caves | Spotted B-86 Titan 11432 | -4/Upper Caves | Destroyed B-86 Titan 11519 | -4/Upper Caves | Learned Research stockpile data 11644 | -4/Upper Caves | Attracted the attention of an 0b10 checkpoint 11705 | -4/Upper Caves | Discovered new exit (range 5) 11732 | -4/Upper Caves | Entered another Upper Caves area 11732 | -4/Upper Caves | Accompanied by 4 allies 11773 | -4/Upper Caves | Learned 12 Research zone layouts 11788 | -4/Upper Caves | Attracted the attention of an 0b10 checkpoint 11875 | -4/Upper Caves | Discovered new exit (range 15) 11962 | -4/Upper Caves | Discovered new exit (range 15) 11988 | -4/Upper Caves | Entered Zhirov 11988 | -4/Zhirov | Accompanied by 4 allies 11988 | -4/Zhirov | Discovered new exit (range 3) 12018 | -4/Zhirov | Met Zhirov 12069 | -4/Zhirov | Learned location of Quarantine (-2) 12069 | -4/Zhirov | Learned location of Testing (-3) 12069 | -4/Zhirov | Learned location of Command (-1) 12084 | -4/Zhirov | Zhirov requested help retrieving the SGEMP Prototype 12110 | -4/Zhirov | Found Alien Artifact 12110 | -4/Zhirov | Identified Integrated Dissipator 12110 | -4/Zhirov | Installed Integrated Dissipator, increased core heat dissipation (+20) 12133 | -4/Zhirov | Found Alien Artifact 12327 | -4/Zhirov | Build established: Scavenger-Mutant 12451 | -4/Zhirov | Entered Proximity Caves 12451 | -3/Proximity Caves | Accompanied by 4 allies 12757 | -3/Proximity Caves | Build established: Scavenger-Tank 12811 | -3/Proximity Caves | Attracted the attention of an 0b10 base 12865 | -3/Proximity Caves | Learned Factory trap positions 13157 | -3/Proximity Caves | Lost 3 parts (1u2w) 13194 | -3/Proximity Caves | Discovered new exit (range 4) 13209 | -3/Proximity Caves | Entered Research 13209 | -3/Research | Evolved 2 slots: Utility x2 13210 | -3/Research | Identified exit to Research 13409 | -3/Research | Revision forces began assault on 0b10 13434 | -3/Research | Met up with Revision 17++ 13690 | -3/Research | Found Prototype Launcher 13909 | -3/Research | Research terminal network offline 13985 | -3/Research | Spotted Striker 13989 | -3/Research | Destroyed Striker 14111 | -3/Research | Spotted Striker 14111 | -3/Research | Spotted Striker 14433 | -3/Research | Build established: Tank 14683 | -3/Research | Found Adv. Powered Armor 15034 | -3/Research | Spotted Striker 15055 | -3/Research | Destroyed Striker 15073 | -3/Research | Identified Hellfire Missile Launcher 15109 | -3/Research | Lost 3 parts (2u1w) 15229 | -3/Research | Found Prototype Processor 15415 | -3/Research | Spotted Striker 15421 | -3/Research | Destroyed Striker 15424 | -3/Research | Spotted Striker 15441 | -3/Research | Spotted Striker 15448 | -3/Research | Identified Transdimensional Reconstructor 15448 | -3/Research | Warped through subspace 15478 | -3/Research | Lost 4 parts (2u2w) 15596 | -3/Research | Entered another Research area 15596 | -2/Research | Evolved 2 slots: Power x1, Utility x1 15598 | -2/Research | Identified Exp. Core Analyzer 15657 | -2/Research | Spotted B-90 Cyclops 15822 | -2/Research | Destroyed 9 combat bots 16153 | -2/Research | Found Prototype Device 16153 | -2/Research | Identified Exp. Focal Shield 16158 | -2/Research | Found Exp. Focal Shield 16174 | -2/Research | Destroyed B-90 Cyclops 16198 | -2/Research | Lost 9 parts (1p5u3w) 16275 | -2/Research | Lost 4 parts (1p1u2w) 16346 | -2/Research | First assault squad dispatched 16395 | -2/Research | Destroyed 10 combat bots 16442 | -2/Research | Lost 12 parts (2p3n3u4w) 16492 | -2/Research | Core integrity fell below 50% 16497 | -2/Research | Core integrity fell below 20% 16502 | -2/Research | Destroyed by S-43 Plague with Heavy Machine Gun Last Messages --------------- 16493_ System corrupted: Component data lost. 16493_ Penetrated by Slug. 16493_ Slug penetrates Wall. 16493_ S-43 Plague destroyed. 16493_ Slammed into S-43 Plague. 16494_ Adv. Targeting Computer destroyed. 16494_ Slammed into S-43 Plague. 16495_ Slug penetrates Wall. 16495_ Slammed into S-43 Plague. 16495_ Destabilizing: Core damaged (-72). 16496_ Penetrated by Slug. 16496_ S-43 Plague destroyed. 16497_ Acquired Xenon Bombardment Thruster. 16497_ Core Analyzer destroyed. 16497_ Xenon Bombardment Thruster destroyed. 16499_ Acquired Xenon Bombardment Thruster. 16500_ Slug penetrates P-80 Master. 16500_ Penetrated by Slug. 16500_ Xenon Bombardment Thruster destroyed. 16501_ Penetrated by Slug. Map ----- +----------------------------------------------------+ | ?????????????????????????????????????????????????? | | ?????????????????????????????????????????????????? | | ?????????????????????????????????????????????????? | | ?????????????????????????????????????????????????? | | ?????????????????????????????????????????????????? | | ?????????????????????????????????????????????????? | | ?????????????????????????????????????????????????? | | ?????????????????????????????????????????????????? | | ?????????????????????????????????????????????????? | | ?????????????????????????????????????????????????? | | ?????????????????????????????????????????????????? | | ?????????????????????????????????????????????????? | | ?????????????????????????????????????????????????? | | ?????????????????????????????????????????????????? | | ?????????????????????????????????????????????????? | | ???????????????????????????????????????###???????? | | ???????????????????????????????#??????? #???????? | | ???????????????????????????????# ??? #???????? | | ???????????????????????????????# """" #???????? | | ???????????????????????????????# """"" #???????? | | ???????????????????????????????# """" #???????? | | ???????????????????????????????? """" #???????? | | ?????????????????????????????????? #???????? | | ???????????????????????????????????? #######?? | | ?????????????????#######+#############+### #?? | | ??????????# k k @ %s% =/ u ! #?? | | ??????????# [spps%! #?? | | ??????????# [*tg h #?? | | ???????????######+######+#############h###!%! #?? | | ???????????????????????????????????? ### ###?? | | ??????????????????????????????????? #?# #???? | | ?????????????????????????????????? #?# #???? | | ????????????????????????????????? ? #?# #?### | | ????????????????????????????????# ? ### ### | | ????????????????????????????????# ??? # #! | | ????????????????????????????????# ??? # "" # | | ????????????????????????????????# ???? + "T %" | | ????????????????????????????????# ???? # # | | ?????????????????????????????????#?????### ! # | | ?????????????????????????????????????????### ### | | ??????????????????????????????????????????# ?# | | ??????????????????????????????????????????#* ?# | | ?????????????????????????????????????????? | | ?????????????????????????????????????????## ## | | ??????????????????????????????????????????# ## | | ??????????????????????????????????????????#######? | | ?????????????????????????????????????????????????? | | | | | | | +----------------------------------------------------+ Best States ------------- Heat Dissipation 116 Energy Generation 61 Energy Capacity 1300 Matter Stores 300 Matter Capacity 300 Sight Range 16 Terrain Scan Range 16 Terrain Scan Density 210 Additional Mass Support 20 EM Shielding 3 Armor Coverage 1250 Resistance: KI 30 Evasion (%) 50 Targeting Accuracy 8 Core Analysis 11 Recoil Reduction 6 Matter Filtering 50 Item Schematics ----------------- Combat Drone Bay | -6/Data Miner | Free Lgt. Regenerative Plating | -6/Data Miner | Free Enh. Armored Leg | -6/Data Miner | Free Imp. Energy Well | -6/Data Miner | Free Hvy. Proton Cannon | -6/Data Miner | Free Field Propulsion Array | -6/Data Miner | Free Lrn. Sensor Array | -6/Data Miner | Free Dispersion Rifle | -6/Data Miner | Free Imp. Shock Absorption System | -6/Data Miner | Free Quantum Capacitor | -6/Data Miner | Free Adv. Force Field | -6/Data Miner | Free Assault Drone Bay | -4/Zhirov | Free Exp. Heat Sink | -4/Zhirov | Free Exp. Optical Array | -4/Zhirov | Free Imp. Arc Thrower | -4/Zhirov | Free Robot Schematics ------------------ Y-64 Sentinel | -6/Data Miner | Free R-10 Processor | -6/Data Miner | Free S-27 Virus | -6/Data Miner | Free W-44 Eye | -6/Data Miner | Free Fabricated ------------ Nothing Repaired ---------- Nothing Studied --------- Gauss Rifle | -5/Factory | Hacked Alien Tech Used ----------------- Integrated Dissipator Transdimensional Reconstructor Achievements -------------- Like A Rock Loot Taster Project G-00 Revising The Future Revolutionary Research Turtlemind Challenges ------------ None Game ------ Seed ZionitePietyGravjet Manual? 0 Play Time 01:37:11 Cumulative 144.3 hours Start 2026.07.30 @ 18:37:04 End 2026.07.30 @ 20:14:55 Sessions 1 Manual Loads 0 Difficulty Rogue Special Mode None Game No. 293 Rogue 293 Adventurer 0 Explorer 0 Win Type - Total 1 Types 1/0/0/0/0/0/0/0/0/0 Lore% 56 Gallery% 56 Achievement% 44 Wizard Run 0 Options --------- Layout 2 ASCII 0 Keyboard 1 Movement Arrows Keybinds 0 Fullscreen 1 Font 24/Smallcaps Map View 50x44 Zoom Use 0% Tactical HUD 1 Map Filters NONE Filters NONE Steam 1 RUN: b89ea6f9-f332-4473-8304-9668da25399c